 Dungeon Crawl Stone Soup version 0.27-a0-1140-g099f9bb0e8 (webtiles) character file.

Game seed: 7890824364679765201

6902 wakim the Spear-Bearer (level 11, 0/87 HPs)
             Began as a Merfolk Gladiator on May 8, 2021.
             Was a Believer of Yredelemnul.
             Killed by vampiric draining
             ... invoked by a vampire
              (11 damage)
             ... on level 9 of the Dungeon.
             The game lasted 00:32:00 (10896 turns).

wakim the Spear-Bearer (Merfolk Gladiator)         Turns: 10896, Time: 00:32:01

Health: 0/87       AC:  9    Str: 17    XL:     11   Next: 6%
Magic:  13/13      EV: 16    Int:  8    God:    Yredelemnul [**....]
Gold:   1459       SH:  0    Dex: 16    Spells: 10/10 levels left

rFire    . . .     SeeInvis .   b - +3 halberd
rCold    + . .     Faith    .   (shield currently unavailable)
rNeg     . . .     Spirit   .   f - +0 ring mail
rPois    .         Reflect  .   c - +0 helmet
rElec    .         Harm     .   (no cloak)
rCorr    .         Rampage  .   u - +0 pair of gloves
Will     .....                  j - +1 pair of boots
Stlth    +.........             (no amulet)
HPRegen  0.24/turn              e - ring of protection from cold
MPRegen  0.13/turn              (no ring)

@: mirroring injuries
A: (nimble swimmer 2), mertail
a: Renounce Religion, Animate Remains, Recall Undead Slaves, Injury Mirror


You were on level 9 of the Dungeon.
You worshipped Yredelemnul.
Yredelemnul was pleased with you.
You visited 2 branches of the dungeon, and saw 10 of its levels.

You collected 1459 gold pieces.

Inventory:

Hand Weapons
 a - a +2 trident of pain
 b - a +3 halberd (weapon)
Missiles
 d - 11 throwing nets {=f!f}
 l - 16 poisoned darts
 q - 10 boomerangs (quivered)
 s - a curare-tipped dart {=f}
Armour
 c - a +0 helmet (worn)
 f - a +0 ring mail (worn)
 j - a +1 pair of boots (worn)
 u - a +0 pair of gloves (worn)
Jewellery
 e - a ring of protection from cold (left hand)
Wands
 t - a wand of digging (5)
 w - a wand of acid (8)
 x - a wand of iceblast (19)
Scrolls
 i - 3 scrolls of enchant armour
 Q - 2 scrolls of immolation {!r!r}
 T - a scroll of teleportation
 X - a scroll of fog
Potions
 g - a potion of magic {unknown}
 h - 3 potions of brilliance {unknown}
 k - 3 potions of haste {unknown}
 m - a potion of attraction {unknown}
 n - 2 potions of flight {unknown}
 o - a potion of invisibility {unknown}
 p - a potion of berserk rage {unknown}
 r - a potion of might {unknown}
 J - 2 potions of heal wounds
 O - 2 potions of resistance


   Skills:
 + Level 8.4 Fighting
 - Level 14.0 Polearms
 + Level 7.7 Throwing
 + Level 10.4 Dodging
 * Level 3.9 Invocations


You had 10 spell levels left.
You didn't know any spells.
Your spell library contained the following spells:

 Spells                   Type           Power      Damage    Failure   Level
 Apportation              Tloc           0%         N/A       63%         1
 Magic Dart               Conj           0%         1d3       63%         1
 Blink                    Tloc           N/A        N/A       77%         2
 Call Imp                 Summ           0%         N/A       77%         2
 Slow                     Hex            0%         N/A       77%         2
 Conjure Flame            Conj/Fire      0%         6-21      94%         3
 Lesser Beckoning         Tloc           0%         N/A       94%         3
 Mephitic Cloud           Conj/Pois/Air  0%         N/A       94%         3
 Tukima's Dance           Hex            0%         N/A       94%         3
 Alistair's Intoxication  Tmut/Pois      0%         N/A       100%        5
 Invisibility             Hex            0%         N/A       100%        6


Dungeon Overview and Level Annotations

Branches:
Dungeon (9/15)             Temple (1/1) D:4
   Lair: D:8-11         Orc: D:9-12

Altars:
Ashenzari
Cheibriados
Dithmenos
Elyvilon
Fedhas
Gozag
Kikubaaqudgha
Makhleb
Nemelex Xobeh
Qazlal
Ru
Sif Muna
Uskayaw
Vehumet
Xom
Yredelemnul
Zin
The Shining One


Innate Abilities, Weirdness & Mutations

((You are quick and stealthy near water. (Stealth+, EV+, Speed+++)))
Your lower body shifts to a powerful aquatic tail in water.


Message History

You feel much better.
You feel less confused. Something hits you but does no damage.
Something bites you but does no damage.
You offer yourself to Yredelemnul, and are filled with unholy energy.
Something hits you but does no damage. Something barely misses you.
You puncture something!
You hear some strange, mumbled words.
You are confused.
Things that are here:
a +0 giant club; a +0 giant club Something hits you!
* * * LOW HITPOINT WARNING * * *
Yredelemnul mirrors your injury! Something bites you.
* * * LOW HITPOINT WARNING * * *
Something draws strength from your injuries!
Yredelemnul mirrors your injury! Something hits you but does no damage.
Something bites you.
* * * LOW HITPOINT WARNING * * *
Something draws strength from your injuries!
Yredelemnul mirrors your injury!
Things that are here:
a +0 giant club; a +0 giant club Something hits you but does no damage.
Something bites you but does no damage.
Unknown command.
You miss something. Something hits you.
* * * LOW HITPOINT WARNING * * *
Yredelemnul mirrors your injury! Something bites you but does no damage.
You're too confused to move!
Something completely misses you. Something barely misses you.
You closely miss something. Something hits you but does no damage.
Something bites you!
* * * LOW HITPOINT WARNING * * *
Something draws strength from your injuries!
Yredelemnul mirrors your injury!
You feel less confused. Something draws life force from you!
You die...
Your body rises from the dead as a mindless zombie.

########### ###
####.........####.##
##.##...#++#...##...#
#...#..## ##...@..##
.#.#.#.## ##...).##
........####.......##
.........##.........#
...................##
.................###
.................#
...............(.##
####..............#


There were no monsters in sight!

Vanquished Creatures
  A boulder beetle (D:8)
  2 two-headed ogres (D:9)
  8 yaks
  A steam dragon (D:8)
  An acid dragon (D:9)
  A water moccasin (D:7)
  3 orc warriors
  A black bear (D:4)
  An ice beast (D:6)
  3 sky beasts
  2 ogres
  6 centaurs
  2 kobold brigands
  3 bullfrogs
  2 scorpions
  9 killer bees
  2 howler monkeys
  7 wights
  3 jellies
  3 centaur zombies
  5 hounds
  A gnoll shaman (D:8)
  2 orc priests
  An iguana (D:7)
  Natasha (thrice) (D:3)
  6 orc wizards
  A howler monkey zombie (D:9)
  10 gnolls
  8 adders
  A shadow imp (D:7)
  An ufetubus (D:4)
  An adder skeleton (D:4)
  3 worms
  3 dart slugs
  13 orcs
  6 ball pythons
  3 bats
  6 endoplasms
  5 giant cockroaches
  5 goblins
  6 hobgoblins
  9 jackals
  11 kobolds
  4 quokkas
  3 frilled lizards
  6 rats
184 creatures vanquished.

Notes
Turn   | Place    | Note
-------+----------+-------------------------------------------
     0 | D:1      | wakim the Merfolk Gladiator began the quest for the Orb.
     0 | D:1      | Reached XP level 1. HP: 16/16 MP: 1/1
   433 | D:1      | Reached XP level 2. HP: 22/23 MP: 2/2
   885 | D:1      | Reached skill level 5 in Polearms
  1234 | D:2      | Found a glowing golden altar of the Shining One.
  1248 | D:2      | Reached XP level 3. HP: 27/28 MP: 3/3
  1332 | D:2      | Found a faded altar of an unknown god.
  1973 | D:2      | Reached XP level 4. HP: 34/34 MP: 4/4
  2124 | D:2      | Identified a scroll of acquirement
  2124 | D:2      | Acquired 1040 gold pieces
  2174 | D:3      | Reached skill level 6 in Polearms
  2255 | D:3      | Noticed Natasha
  2264 | D:3      | Killed Natasha
  2265 | D:3      | Reached XP level 5. HP: 32/41 MP: 5/5
  2399 | D:3      | Noticed Natasha
  2413 | D:3      | Killed Natasha
  2414 | D:3      | Reached skill level 5 in Dodging
  2598 | D:3      | Noticed Natasha
  2607 | D:3      | Killed Natasha
  3004 | D:4      | Reached XP level 6. HP: 47/47 MP: 6/6
  3108 | D:4      | Reached skill level 7 in Polearms
  3227 | D:4      | Noticed a yak
  3227 | D:4      | Noticed a yak
  3229 | D:4      | Noticed a yak
  3258 | D:4      | Killed a yak
  3261 | D:4      | Killed a yak
  3262 | D:4      | Reached skill level 8 in Polearms
  3262 | D:4      | Reached XP level 7. HP: 19/54 MP: 7/7
  3481 | D:4      | Found a staircase to the Ecumenical Temple.
  3570 | D:4      | Killed a yak
  3770 | D:4      | Reached skill level 9 in Polearms
  3770 | D:4      | Reached XP level 8. HP: 61/61 MP: 8/8
  3841 | Temple   | Entered the Ecumenical Temple
  3874 | Temple   | Became a worshipper of Yredelemnul the Dark
  4344 | D:5      | Entered Level 5 of the Dungeon
  4366 | D:5      | Reached skill level 5 in Fighting
  4411 | D:5      | Found a radiant altar of Vehumet.
  5079 | D:6      | Reached skill level 10 in Polearms
  5272 | D:6      | Reached skill level 5 in Throwing
  5975 | D:6      | Reached XP level 9. HP: 67/69 MP: 9/9
  6344 | D:7      | Reached skill level 11 in Polearms
  7271 | D:7      | Reached * piety under Yredelemnul
  8299 | D:8      | Reached skill level 12 in Polearms
  8585 | D:8      | Noticed a boulder beetle
  8596 | D:8      | Killed a boulder beetle
  8597 | D:8      | Reached skill level 13 in Polearms
  8597 | D:8      | Reached XP level 10. HP: 62/79 MP: 10/10
  9233 | D:9      | Noticed a two-headed ogre
  9252 | D:9      | Killed a two-headed ogre
  9363 | D:8      | Reached ** piety under Yredelemnul
  9597 | D:9      | Reached skill level 14 in Polearms
  9635 | D:8      | Reached skill level 10 in Dodging
  9644 | D:8      | Reached skill level 1 in Invocations
 10374 | D:9      | Noticed a two-headed ogre
 10383 | D:9      | Killed a two-headed ogre
 10384 | D:9      | Reached XP level 11. HP: 87/87 MP: 11/13
 10896 | D:9      | Killed from afar by a vampire

Illustrated notes

Levels and vault maps discovered:
D:1:      eino_arrival_cavern_b, layout_basic, nrook_loot_triangle,
          feat_on_display
D:2:      layout_loops_ring, basic_altar,
          chequers_ecumenical_altar_simple_redux, minmay_mini_jars
D:3:      layout_rooms, uniq_natasha
D:4:      black_bear_nest_2, layout_loops_ring,
          minmay_temple_entry_statues_fountains
D:5:      layout_cave_pools, vehumet_crystals
D:6:      layout_loops_ring, kennysheep_generic_room_10
D:7:      layout_basic
D:8:      layout_rooms
D:9:      layout_cross, orc_0_dummy, serial_gnoll_camp,
          gnoll_camp_mini_loothouse, gnoll_camp_mini_doghouse,
          gnoll_camp_medium_01, gnoll_camp_mini_hut, minmay_alternating_orb
Temple:   nicolae_temple_the_god_donut

Skill      XL: |  1  2  3  4  5  6  7  8  9 10 |
---------------+-------------------------------+-----
Polearms       | 5 6 8 9 10 13 14 | 14.0
Fighting       | 3 4 5 7 8 |  8.4
Dodging        | 5 6 7 9 10 | 10.4
Throwing       | 3 4 5 6 7 |  7.7
Invocations    | 3 |  3.9

Action                   |  1- 3 |  4- 6 |  7- 9 | 10-12 || total
-------------------------+-------+-------+-------+-------++-------
Melee: Trident           |    97 |   143 |   158 |       ||   398
       Halberd           |       |       |   101 |   184 ||   285
 Fire: Hunting sling     |       |     8 |       |       ||     8
Throw: Dart              |     8 |    30 |    42 |    35 ||   115
       Boomerang         |       |       |     6 |     2 ||     8
Invok: Injury Mirror     |       |       |       |     1 ||     1
  Use: Scroll            |       |     9 |     2 |       ||    11
       Potion            |       |       |       |     2 ||     2
Armor: Leather armour    |     3 |       |       |       ||     3
       Ring mail         |    35 |    51 |    56 |    87 ||   229
Dodge: Dodged            |    58 |    69 |   132 |   165 ||   424

Table legend: (Time is in decaauts)
 A = Elapsed time spent in this place.
 B = Non-inter-level travel time spent in this place.
 C = Inter-level travel time spent in this place.
 D = Time resting spent in this place.
 E = Time spent auto-exploring this place.
 F = Levels seen in this place.
 G = Mean time per level.
                   A        B        C        D        E       F      G
               +--------+--------+--------+--------+--------+-----+--------+
         Total |  10820 |  10309 |    511 |   1241 |   7358 |  10 | 1082.0 |
       Dungeon |  10753 |  10265 |    488 |   1241 |   7331 |   9 | 1194.8 |
        Temple |     66 |     43 |     23 |      0 |     27 |   1 |   66.0 |
               +--------+--------+--------+--------+--------+-----+--------+

Top non-repeatable levels by time:
     D:8: 2059 daAuts
     D:7: 1806 daAuts
     D:1: 1216 daAuts
     D:4: 1117 daAuts
     D:6: 1075 daAuts
     D:3: 1026 daAuts
     D:2: 916 daAuts
     D:5: 881 daAuts
     D:9: 654 daAuts
  Temple: 66 daAuts
